[Event "Titled Tuesday Blitz August 22 Late 2023"]
[White "Sarkar, Justin"]
[Black "Martins, Bruno Andre Leite"]
[WhiteFideId "2010011"]
[BlackFideId "1942255"]
[WhiteElo "2252"]
[BlackElo "2475"]
[Result "1-0"]
[Round "6"]
[TimeControl "180+1"]
[Date "2023.08.22"]
[WhiteClock "0:01:35"]
[BlackClock "0:01:48"]
[Board "159"]

1. d4 Nf6 2. c4 g6 3. Bg5 Bg7 4. Nc3 O-O 5. e3 d6 6. Bd3 c5 7. Nge2 cxd4 8. exd4 h6 9. Bh4 g5 10. Bg3 Nh5 11. h4 Nxg3 12. Nxg3 f5 13. hxg5 hxg5 14. Qh5 e5 15. Nxf5 Bxf5 16. Bxf5 exd4 17. Bh7+ 1-0


[Site "https://www.chess.com"]

[Event "Titled Tuesday Blitz August 22 Late 2023"]
[White "ArchibaldCerveza29"]
[Black "Matthew_Clarke"]
[WhiteElo "2452"]
[BlackElo "2251"]
[Result "0-1"]
[Round "6"]
[TimeControl "180+1"]
[Date "2023.08.22"]
[WhiteClock "0:00:25"]
[BlackClock "0:00:03"]
[Board "160"]

1. e4 c5 2. Nf3 d6 3. d4 cxd4 4. Nxd4 Nf6 5. Nc3 a6 6. Bc4 e6 7. Bb3 b5 8. O-O Nbd7 9. Re1 Nc5 10. f4 b4 11. Na4 Ncxe4 12. f5 e5 13. Nc6 Qc7 14. Bd5 Nxd5 15. Qxd5 Nf6 16. Qc4 Be7 17. Nxe5 Qxc4 18. Nxc4 Kd8 19. Nab6 Ra7 20. Nxc8 Kxc8 21. Be3 Rc7 22. b3 d5 23. Nb6+ Kb7 24. Rad1 Rc5 25. Bd4 Bd6 26. Nxd5 Rxd5 27. Bc5 Bxc5+ 28. Kh1 Rxd1 29. Rxd1 Re8 30. h3 Re2 31. Rc1 Ne4 32. Kh2 Nd6 33. Kg3 Nxf5+ 34. Kf4 Rf2+ 35. Ke4 Kc6 36. g4 Nd6+ 37. Kd3 Rf3+ 38. Ke2 Rxh3 39. Rf1 Re3+ 40. Kd2 Ne4+ 41. Kc1 Nc3 42. Kb2 f6 43. Rh1 Kd5 44. Rh5+ Kc6 45. Rh1 Bd4 46. Kc1 Re2 47. Rxh7 Kd5 48. Rxg7 Re1+ 49. Kd2 Rd1# 0-1


[Site "https://www.chess.com"]

[Event "Titled Tuesday Blitz August 22 Late 2023"]
[White "Baches Garcia, Guillermo"]
[Black "Sanchez Castillo, Sarai Carolina"]
[WhiteFideId "2209764"]
[BlackFideId "3900754"]
[WhiteElo "2418"]
[BlackElo "2251"]
[Result "0-1"]
[Round "6"]
[TimeControl "180+1"]
[Date "2023.08.22"]
[WhiteClock "0:00:00"]
[BlackClock "0:00:10"]
[Board "161"]

1. e4 e6 2. Nf3 d5 3. exd5 exd5 4. d4 Bd6 5. c4 c6 6. Nc3 Nf6 7. Bd3 h6 8. O-O Be6 9. c5 Bc7 10. Bd2 Nbd7 11. h3 g5 12. Re1 Qe7 13. b4 g4 14. hxg4 Nxg4 15. Bf5 Ngf6 16. Qc2 O-O-O 17. b5 Nb8 18. Ne5 Bxe5 19. Rxe5 Nfd7 20. Re2 Qf6 21. Bxe6 fxe6 22. Qd3 Rhg8 23. Rae1 Rdf8 24. a4 e5 25. dxe5 Nxe5 26. Qh3+ Ned7 27. f3 Qd4+ 28. Kh1 Qxc5 29. bxc6 bxc6 30. Nb5 Kb7 31. Be3 Qb4 32. Nd4 c5 33. Ne6 Rf6 34. Bg1 Ka8 35. Qh2 Rfg6 36. Nc7+ Kb7 37. Nxd5 Qc4 38. Qc7+ Ka6 39. Re6+ Rxe6 0-1


[Site "https://www.chess.com"]

[Event "Titled Tuesday Blitz August 22 Late 2023"]
[White "Carroll, Thomas"]
[Black "Fernandez Bustamante, Leancy B."]
[WhiteFideId "450111"]
[BlackFideId "3523870"]
[WhiteElo "2414"]
[BlackElo "2246"]
[Result "1-0"]
[Round "6"]
[TimeControl "180+1"]
[Date "2023.08.22"]
[WhiteClock "0:00:33"]
[BlackClock "0:00:00"]
[Board "162"]

1. c4 c5 2. Nc3 Nc6 3. g3 d6 4. Bg2 Nf6 5. Nf3 g6 6. O-O Bg7 7. b3 h5 8. h4 Bg4 9. Bb2 O-O 10. Nd5 Nxd5 11. Bxg7 Kxg7 12. cxd5 Ne5 13. d4 cxd4 14. Qxd4 Bxf3 15. exf3 Kg8 16. f4 Ng4 17. f5 gxf5 18. Qf4 e6 19. dxe6 fxe6 20. Bxb7 Rb8 21. Bg2 Kh7 22. Rad1 e5 23. Qa4 Qe7 24. Rd5 Rf6 25. Qa3 f4 26. Be4+ Kh8 27. Ra5 fxg3 28. f3 Rxf3 29. Bxf3 Qxh4 30. Qb2 Nh2 31. Rxe5 Nxf3+ 32. Rxf3 Qh2+ 33. Qxh2 gxh2+ 34. Kxh2 dxe5 35. Rf5 Re8 36. Rxh5+ Kg7 37. Kg3 Kg6 38. Rh1 Kf5 39. Kf3 Rc8 40. Rh5+ Kf6 41. Rh6+ Kf5 42. Rh5+ Kf6 43. Ke4 Rc1 44. Rh6+ Kg5 45. Ra6 Re1+ 46. Kd3 Kf5 47. Rxa7 e4+ 48. Kd2 Rh1 49. Rf7+ Ke5 50. Rf2 Kd4 51. Rg2 Ra1 52. Rg8 Rxa2+ 53. Kd1 Rb2 54. Rg3 Rf2 55. b4 1-0


[Site "https://www.chess.com"]

[Event "Titled Tuesday Blitz August 22 Late 2023"]
[White "Magallanes, Rey Jomar"]
[Black "Ochkoos, Jura"]
[WhiteFideId "5205948"]
[BlackFideId "2601214"]
[WhiteElo "2240"]
[BlackElo "2393"]
[Result "1-0"]
[Round "6"]
[TimeControl "180+1"]
[Date "2023.08.22"]
[WhiteClock "0:01:51"]
[BlackClock "0:01:46"]
[Board "163"]

1. e4 e5 2. Nf3 d6 3. d4 exd4 4. Nxd4 Nf6 5. Nc3 Be7 6. Be2 O-O 7. O-O c6 8. Nb3 b5 9. a3 a5 10. f3 Nbd7 11. f4 Bb7 12. Be3 a4 13. Nd2 Nc5 14. Bf3 Re8 15. e5 dxe5 16. fxe5 Nfd7 17. Bf4 Ne6 18. Bg3 Bc5+ 19. Kh1 Bf8 20. Nde4 Ndc5 21. Nd6 Bxd6 22. exd6 Nd7 23. Be4 Qb6 24. Qh5 g6 25. Qf3 f5 26. Rae1 Ng5 27. Qf4 Nf7 28. Bxf5 gxf5 29. Qxf5 Rxe1 30. Qxf7+ Kh8 31. Rxe1 Qd8 32. Re7 Qg8 33. Rxd7 Qxf7 34. Rxf7 Ba6 35. d7 1-0


[Site "https://www.chess.com"]

[Event "Titled Tuesday Blitz August 22 Late 2023"]
[White "JerMorGurgeh"]
[Black "Penagalapati, Abhinav"]
[BlackFideId "30938210"]
[WhiteElo "2380"]
[BlackElo "2209"]
[Result "1-0"]
[Round "6"]
[TimeControl "180+1"]
[Date "2023.08.22"]
[WhiteClock "0:00:10"]
[BlackClock "0:00:17"]
[Board "164"]

1. d4 d5 2. Nf3 Nf6 3. c4 c6 4. e3 e6 5. Nbd2 Nbd7 6. b3 b6 7. Bd3 Bb7 8. Bb2 Be7 9. O-O c5 10. cxd5 Nxd5 11. Re1 O-O 12. a3 Rc8 13. e4 Nf4 14. Bf1 cxd4 15. Bxd4 Nc5 16. Qb1 Qc7 17. g3 Ng6 18. Qb2 f6 19. Bc4 Kh8 20. Rac1 e5 21. Bxc5 bxc5 22. Qc2 Rfd8 23. Be6 Rb8 24. Nc4 Qc6 25. Bf5 Nf8 26. Na5 Qa6 27. Nxb7 Qxb7 28. Nd2 g6 29. Bh3 Kg7 30. Rb1 Rd4 31. Nc4 Rbd8 32. Bg2 Ne6 33. Ne3 Rd2 34. Qc3 R8d3 35. Qc4 Nd4 36. Nd5 Bf8 37. Re3 Rd1+ 38. Rxd1 Rxd1+ 39. Bf1 Qd7 40. Kg2 h5 41. Rd3 Ra1 42. a4 h4 43. h3 hxg3 44. Rxg3 Ra2 45. Ne3 Qf7 46. Nf5+ Nxf5 47. exf5 g5 48. Qxf7+ Kxf7 49. Bc4+ Ke7 50. Rd3 Rc2 51. Rd5 Ke8 52. Kf3 Be7 53. Kg3 Rc3+ 54. f3 Rc1 55. Kg4 Rg1+ 56. Kh5 Rg3 57. Kg6 Rxf3 58. Rd3 Rxd3 59. Bxd3 Kd7 60. Be4 Bd8 61. Kf7 Kd6 62. Ke8 Ba5 63. Kf7 Bd8 64. Ke8 Kc7 65. Kf7 Kd7 66. Kf8 Be7+ 67. Kf7 a5 68. Kg6 Bd8 69. Kh5 Ke7 70. Kg4 Bc7 71. Kf3 Kf7 72. Ke3 Kg7 73. Kd3 Bb6 74. Bf3 Kh6 75. Kc4 g4 76. hxg4 Kg5 77. Kb5 Bc7 78. Kxc5 Kf4 79. Bd1 e4 80. b4 axb4 81. Kxb4 Ke3 82. a5 Kd2 83. Bb3 e3 84. Bc4 e2 85. Bxe2 Kxe2 86. a6 Bb6 87. Kb5 Bd4 88. g5 fxg5 89. f6 Bxf6 90. a7 g4 91. a8=Q g3 92. Qg2+ Kd3 93. Kc6 Be5 94. Kd7 Bf4 95. Ke6 Ke3 96. Kf5 Bd6 97. Kg4 Be5 98. Qf3+ Kd4 99. Kh3 Kc5 100. Kg2 Kd4 101. Qe2 Kd5 102. Kf3 Ke6 103. Qe4 Kf6 104. Qg4 Bd6 105. Ke4 Ke7 106. Qg5+ Ke6 107. Qf5+ Ke7 108. Qg6 Kd7 109. Kd5 Bf4 110. Qg7+ Ke8 111. Ke6 Kd8 112. Qd7# 1-0


[Site "https://www.chess.com"]

[Event "Titled Tuesday Blitz August 22 Late 2023"]
[White "Haitin, Ilja"]
[Black "campochess"]
[WhiteFideId "4501764"]
[WhiteElo "2374"]
[BlackElo "2194"]
[Result "0-1"]
[Round "6"]
[TimeControl "180+1"]
[Date "2023.08.22"]
[WhiteClock "0:00:00"]
[BlackClock "0:01:28"]
[Board "165"]

1. Nf3 c5 2. e4 Nc6 3. d4 cxd4 4. Nxd4 e5 5. Nb5 a6 6. Nd6+ Bxd6 7. Qxd6 Qe7 8. Qxe7+ Ngxe7 9. Nc3 d5 10. exd5 Nb4 11. Bd3 Nxd3+ 12. cxd3 Bf5 13. Ke2 Rd8 14. Be3 Nxd5 15. Ne4 Nxe3 16. Kxe3 O-O 17. Rhc1 h6 18. Rc7 Rd7 19. Rac1 Rfd8 20. Rxd7 Rxd7 21. Rc8+ Kh7 22. Rb8 Be6 23. Nc5 Rc7 24. Nxe6 fxe6 25. Kd2 Kg6 26. Rf8 h5 27. h4 Rc5 28. Rb8 Rb5 29. Kc3 Kf5 30. b4 Kg4 31. g3 Kf3 32. Rf8+ Ke2 33. a4 Rd5 34. Rf7 Rxd3+ 35. Kc4 b5+ 36. axb5 axb5+ 37. Kxb5 Rf3 38. Rxg7 Rxf2 39. Kc4 e4 40. b5 Ke3 41. b6 Rb2 42. b7 Ke2 43. Kd4 e3 44. Re7 Kf2 45. Rf7+ Ke2 46. Re7 Kd2 47. Rxe6 Rb4+ 48. Kc5 Rxb7 49. Kc6 Rg7 50. Rd6+ Ke1 51. Kd5 Rxg3 52. Ke4 e2 53. Kf4 Rh3 54. Ra6 Rxh4+ 55. Kg3 Rd4 56. Kf3 h4 57. Ra2 Rd2 58. Ra1+ Rd1 59. Ra2 Rd3+ 60. Ke4 Rg3 61. Ra1+ Kf2 62. Ra2 Kf1 63. Ra7 e1=Q+ 0-1


[Site "https://www.chess.com"]

[Event "Titled Tuesday Blitz August 22 Late 2023"]
[White "Erece, Ece Alkim"]
[Black "Bogaudinov, Rushan"]
[WhiteFideId "6346006"]
[BlackFideId "4129288"]
[WhiteElo "2189"]
[BlackElo "2367"]
[Result "1-0"]
[Round "6"]
[TimeControl "180+1"]
[Date "2023.08.22"]
[WhiteClock "0:00:42"]
[BlackClock "0:01:01"]
[Board "166"]

1. d4 h5 2. e4 h4 3. Nc3 a6 4. h3 b5 5. Nf3 Bb7 6. a3 e6 7. Bd3 Be7 8. Qe2 d6 9. Bd2 c5 10. dxc5 dxc5 11. e5 Nc6 12. O-O-O Qc7 13. Bf4 O-O-O 14. Be4 Nh6 15. Kb1 Nd4 16. Nxd4 cxd4 17. Bxb7+ Kxb7 18. Ne4 Nf5 19. g4 hxg3 20. fxg3 Rd5 21. g4 Ne3 22. Bxe3 dxe3 23. Qxe3 Qxe5 24. Qf3 Rhd8 25. Nc3 Bf6 26. g5 Qxg5 27. Nxd5 exd5 28. c3 Kc6 29. Rhe1 a5 30. Qf2 Rd7 31. Re8 Qg6+ 32. Ka2 Qc2 33. Qxc2 1-0


[Site "https://www.chess.com"]

[Event "Titled Tuesday Blitz August 22 Late 2023"]
[White "Capp, Stephen"]
[Black "Merino Garcia, Rafael II"]
[WhiteFideId "2027089"]
[BlackFideId "2209128"]
[WhiteElo "2181"]
[BlackElo "2363"]
[Result "1/2-1/2"]
[Round "6"]
[TimeControl "180+1"]
[Date "2023.08.22"]
[WhiteClock "0:00:04"]
[BlackClock "0:00:17"]
[Board "167"]

1. e4 d6 2. Nc3 Nd7 3. f4 g6 4. Nf3 Bg7 5. Bc4 e6 6. d3 Ne7 7. Bb3 Nc5 8. O-O Nxb3 9. axb3 O-O 10. Qe1 Nc6 11. Kh1 Nd4 12. Nxd4 Bxd4 13. Ne2 Bg7 14. Ng1 f5 15. Nf3 Qf6 16. c3 b6 17. e5 dxe5 18. Nxe5 Bb7 19. d4 c5 20. Be3 cxd4 21. cxd4 Qe7 22. Bd2 a5 23. Be3 Bd5 24. Ra3 Qb7 25. Qg3 Rfc8 26. h4 Rc2 27. Rf2 Rac8 28. Ra1 Be4 29. Raf1 b5 30. h5 gxh5 31. Qg5 h4 32. Rxc2 Rxc2 33. Qd8+ Bf8 34. Nd7 Rc8 35. Qg5+ Kh8 36. Nxf8 Rxf8 37. d5 Qxd5 38. Kh2 Qd8 39. Qh6 Rg8 40. Rf2 Rg6 41. Rd2 Qxd2 42. Qf8+ Rg8 43. Qf6+ Rg7 44. Qf8+ Rg8 45. Qf6+ Rg7 46. Qf8+ Rg8 1/2-1/2


[Site "https://www.chess.com"]

[Event "Titled Tuesday Blitz August 22 Late 2023"]
[White "Fernandez, Maria Florencia"]
[Black "Quirke, Jeffrey"]
[WhiteFideId "116459"]
[BlackFideId "2013029"]
[WhiteElo "2342"]
[BlackElo "2172"]
[Result "1-0"]
[Round "6"]
[TimeControl "180+1"]
[Date "2023.08.22"]
[WhiteClock "0:01:01"]
[BlackClock "0:00:07"]
[Board "168"]

1. d4 e6 2. c4 Nf6 3. Nc3 Bb4 4. a3 Bxc3+ 5. bxc3 c5 6. f3 Nc6 7. e4 d6 8. Bg5 h6 9. Bh4 g5 10. Bf2 b6 11. h4 Rg8 12. hxg5 hxg5 13. Qd2 Na5 14. Be3 Nb3 15. Qb2 Nxa1 16. Qxa1 Bb7 17. Nh3 g4 18. Nf2 gxf3 19. gxf3 Qd7 20. a4 a5 21. Be2 Qc7 22. Qb2 O-O-O 23. Kd2 Kb8 24. Rb1 Ka7 25. Qc1 Ba6 26. Qh1 Nd7 27. Qh7 Nb8 28. Ng4 Rh8 29. Qg7 Rdg8 30. Qf6 Rh7 31. e5 Qd8 32. Qf4 cxd4 33. Bxd4 d5 34. Bxb6+ Qxb6 35. Rxb6 Kxb6 36. cxd5 Bxe2 37. Kxe2 exd5 38. Nf6 Rg2+ 39. Kf1 Rhh2 40. Nxd5+ Kb7 41. Qxf7+ Kc6 42. Qe6+ Kc5 43. Ne3 Rf2+ 44. Kg1 Re2 45. Qd6# 1-0


[Site "https://www.chess.com"]

[Event "Titled Tuesday Blitz August 22 Late 2023"]
[White "Okike, David"]
[Black "Gutierrez Espinosa, Karen"]
[WhiteFideId "8500134"]
[BlackFideId "3513238"]
[WhiteElo "2341"]
[BlackElo "2122"]
[Result "1-0"]
[Round "6"]
[TimeControl "180+1"]
[Date "2023.08.22"]
[WhiteClock "0:00:15"]
[BlackClock "0:00:00"]
[Board "169"]

1. e4 c6 2. d4 d5 3. e5 Bf5 4. Nf3 e6 5. Be2 Nd7 6. O-O Ne7 7. Be3 c5 8. c4 cxd4 9. Nxd4 Bg6 10. cxd5 Nxd5 11. Bb5 a6 12. Bxd7+ Qxd7 13. Qf3 Be7 14. Nc3 Nxc3 15. bxc3 O-O 16. Rfd1 Qc7 17. Bf4 Rac8 18. Rac1 Rfd8 19. c4 Bc5 20. Nb3 Rxd1+ 21. Rxd1 Be7 22. c5 h6 23. Rc1 Qd7 24. h3 Qd5 25. Qxd5 exd5 26. Be3 f6 27. f4 fxe5 28. fxe5 Be4 29. Rf1 g5 30. g4 Rc6 31. Kh2 Re6 32. Bd4 Rc6 33. Kg3 Rc8 34. Rf2 Rf8 35. Nd2 Rxf2 36. Kxf2 Bc2 37. Ke3 Kf7 38. Nf1 Ke6 39. Nd2 Bf8 40. h4 gxh4 41. Nf3 h3 42. Kf4 Be4 43. Nh2 Bg7 44. Nf1 Bg2 45. Nh2 Be4 46. Nf1 a5 47. a3 a4 48. Nh2 Bd3 49. Nf3 Be2 50. Nh2 Bh8 51. Ke3 Bd1 52. Kf4 Be2 53. Ke3 Bc4 54. Kf4 Bb3 55. Nf3 Bd1 56. Nh2 Bg7 57. Nf1 Be2 58. Nh2 Bf8 59. Ke3 Bc4 60. Kf4 Bb3 61. Nf1 Bd1 62. Nh2 Be7 63. Nf1 Bg5+ 64. Kg3 Be2 65. Nh2 Bd3 66. Kxh3 Bf4 67. Nf3 Be4 68. Nh4 Bxe5 69. Be3 Bg7 70. Kg3 d4 71. Bd2 Bc2 72. Kf4 Kd5 73. Nf5 Bxf5 74. Kxf5 Kxc5 75. Kg6 Be5 76. Kxh6 Kc4 77. Kg6 Kb3 78. Kf5 Kxa3 79. Kxe5 Kb2 80. Kxd4 a3 81. Bc3+ Kb1 82. Kc4 a2 83. g5 Kc2 84. g6 b5+ 85. Kb4 Kb1 86. g7 1-0


[Site "https://www.chess.com"]

[Event "Titled Tuesday Blitz August 22 Late 2023"]
[White "Adan Bermudez, Sergio"]
[Black "Ardila, Oscar Humberto"]
[WhiteFideId "2292726"]
[BlackFideId "4404742"]
[WhiteElo "1998"]
[BlackElo "2315"]
[Result "0-1"]
[Round "6"]
[TimeControl "180+1"]
[Date "2023.08.22"]
[WhiteClock "0:01:00"]
[BlackClock "0:01:50"]
[Board "170"]

1. d4 Nf6 2. Nc3 d5 3. Bf4 c6 4. e3 e6 5. Nf3 Bb4 6. Bd3 Qa5 7. O-O Bxc3 8. bxc3 Qxc3 9. Rb1 O-O 10. Bd6 Qa5 11. Bxf8 Kxf8 12. Ne5 Nbd7 13. f4 Qc7 14. Qe1 b6 15. Qh4 Kg8 16. g4 Bb7 17. g5 Ne4 18. Rf3 c5 19. Rh3 Nf8 20. Bxe4 dxe4 21. g6 fxg6 22. Kh1 cxd4 23. Rg1 dxe3 24. Nxg6 hxg6 25. Rxe3 Qd8 0-1


[Site "https://www.chess.com"]

[Event "Titled Tuesday Blitz August 22 Late 2023"]
[White "Acikel, Mert"]
[Black "Mr_November18"]
[WhiteFideId "12956465"]
[WhiteElo "2311"]
[BlackElo "1968"]
[Result "1-0"]
[Round "6"]
[TimeControl "180+1"]
[Date "2023.08.22"]
[WhiteClock "0:01:24"]
[BlackClock "0:00:37"]
[Board "171"]

1. e4 c5 2. c3 d6 3. d4 Nf6 4. Bd3 g6 5. Nf3 Bg7 6. h3 O-O 7. O-O cxd4 8. cxd4 d5 9. e5 Ne4 10. Re1 f5 11. Nbd2 e6 12. Nb3 Nc6 13. Be3 a5 14. Rc1 Nb4 15. Bb1 Bd7 16. Nc5 b6 17. Nxd7 Qxd7 18. a3 Nc6 19. Qa4 Rac8 20. Bxe4 fxe4 21. Nd2 Nxe5 22. Qxd7 Nxd7 23. b4 axb4 24. axb4 b5 25. f3 exf3 26. Nxf3 Nb6 27. Rc5 Nc4 28. Bf2 Rb8 29. Rxe6 Rf4 30. Rxd5 Nb2 31. Bg3 Rbf8 32. Bxf4 Rxf4 33. Rd8+ Bf8 34. d5 Kf7 35. Ng5+ Kg8 36. Ree8 1-0


[Site "https://www.chess.com"]

[Event "Titled Tuesday Blitz August 22 Late 2023"]
[White "kiwibobo"]
[Black "Castillo Pena, Patricia Evarista"]
[BlackFideId "6412106"]
[WhiteElo "2310"]
[BlackElo "1936"]
[Result "0-1"]
[Round "6"]
[TimeControl "180+1"]
[Date "2023.08.22"]
[WhiteClock "0:00:14"]
[BlackClock "0:00:05"]
[Board "172"]

1. e4 c5 2. Nf3 d6 3. d4 cxd4 4. Nxd4 Nf6 5. Nc3 a6 6. Be2 e5 7. Nb3 Be7 8. Bg5 Be6 9. Bxf6 Bxf6 10. Qd3 Nd7 11. Qxd6 Be7 12. Qd3 O-O 13. O-O b5 14. Nd5 Bg5 15. Rfd1 Rc8 16. c3 Nb6 17. Nxb6 Qxb6 18. Qd6 Qa7 19. Qxe5 Bf6 20. Qf4 Rfe8 21. Nd4 Bc4 22. Bxc4 Rxc4 23. Qe3 b4 24. Nf5 Qxe3 25. Nxe3 Rcxe4 26. cxb4 Rxb4 27. Nd5 Rxb2 28. Nxf6+ gxf6 29. h3 Ree2 30. Rf1 a5 31. a4 Ra2 32. g3 Rxf2 33. Rxa2 Rxa2 34. Rxf6 Rxa4 35. Ra6 Ra3 36. Kg2 a4 37. h4 h5 38. Ra5 Ra2+ 39. Kf3 a3 40. Rxh5 Rh2 41. Ra5 a2 42. Kg4 Rf2 43. h5 Kh7 44. Ra6 Kg7 45. Kg5 f6+ 46. Kg4 Kh6 47. Kh4 Rh2+ 48. Kg4 Rf2 49. Ra4 f5+ 50. Kh4 Rh2# 0-1


[Site "https://www.chess.com"]

[Event "Titled Tuesday Blitz August 22 Late 2023"]
[White "Burke, Paul"]
[Black "Brahami, Lamine"]
[WhiteFideId "2605767"]
[BlackFideId "7905637"]
[WhiteElo "1855"]
[BlackElo "2299"]
[Result "0-1"]
[Round "6"]
[TimeControl "180+1"]
[Date "2023.08.22"]
[WhiteClock "0:00:34"]
[BlackClock "0:01:38"]
[Board "173"]

1. e4 c5 2. d4 cxd4 3. c3 dxc3 4. Nxc3 d6 5. Nf3 Nc6 6. Bc4 e6 7. O-O Nf6 8. Qe2 Be7 9. Rd1 Nd7 10. Nb5 Nde5 11. Nxe5 Nxe5 12. Bb3 a6 13. Nd4 O-O 14. f4 Nc6 15. Nf3 b5 16. Be3 Na5 17. Bc2 Bb7 18. e5 d5 19. Qf2 Nc4 20. Bc1 Rc8 21. b3 Bc5 22. Nd4 Na3 23. Bxa3 Bxa3 24. Kh1 Bb2 25. Rab1 Bxd4 26. Rxd4 Qc7 27. Rd2 h6 28. Qg3 Qc3 29. Qf2 Rc7 30. Rbd1 Rfc8 31. Bb1 Qa5 32. f5 exf5 33. Qxf5 g6 34. Qh3 Qxd2 0-1


[Site "https://www.chess.com"]

[Event "Titled Tuesday Blitz August 22 Late 2023"]
[White "cthake"]
[Black "Vaglio Munoz, Jaime"]
[BlackFideId "6500145"]
[WhiteElo "1842"]
[BlackElo "2289"]
[Result "0-1"]
[Round "6"]
[TimeControl "180+1"]
[Date "2023.08.22"]
[WhiteClock "0:00:00"]
[BlackClock "0:00:32"]
[Board "174"]

1. e4 c5 2. Nf3 Qa5 3. Nc3 a6 4. a4 b5 5. d3 b4 6. Nd5 e6 7. Ne3 Bb7 8. Nc4 Qc7 9. e5 Nc6 10. Bf4 Na5 11. Nxa5 Qxa5 12. b3 Ne7 13. Be2 Ng6 14. Bg3 h5 15. h4 Be7 16. O-O Qc7 17. Re1 Rd8 18. d4 Bxf3 19. Bxf3 Bxh4 20. Bh2 cxd4 21. Qxd4 Be7 22. Rac1 Bc5 23. Qc4 Qb6 24. Qe2 Nh4 25. Bg3 Nf5 26. Bf4 h4 27. Bg4 Nd4 28. Qf1 g6 29. Bg5 Rc8 30. Bf6 Rg8 31. Kh2 Nf5 32. Bxf5 gxf5 33. Re2 Rg4 34. Kh3 Rf4 35. Bxh4 Be7 36. Bg3 Rg4 37. Kh2 Bc5 38. f3 Rg6 39. Kh3 Be3 40. Bh4 Bxc1 41. Qxc1 Qd4 42. Qd2 Qxd2 43. Rxd2 Rc6 44. g3 Rh6 45. f4 Rh8 46. Kg2 d6 47. exd6 Kd7 48. Be7 Rhc8 49. Rd4 Rxc2+ 50. Kf3 R8c3+ 0-1


[Site "https://www.chess.com"]

[Event "Titled Tuesday Blitz August 22 Late 2023"]
[White "laskakid"]
[Black "Shapiro, Daniel"]
[BlackFideId "2001780"]
[WhiteElo "2126"]
[BlackElo "2273"]
[Result "0-1"]
[Round "6"]
[TimeControl "180+1"]
[Date "2023.08.22"]
[WhiteClock "0:00:12"]
[BlackClock "0:00:26"]
[Board "175"]

1. Nf3 Nf6 2. g3 d5 3. Bg2 e6 4. O-O Be7 5. c4 d4 6. e3 Nc6 7. exd4 Nxd4 8. Nxd4 Qxd4 9. d3 O-O 10. Qb3 Rd8 11. Nc3 Qxd3 12. Rd1 Qg6 13. Rxd8+ Bxd8 14. Be3 c6 15. Rd1 Be7 16. Na4 h5 17. Nc5 Ng4 18. Nxb7 Nxe3 19. fxe3 Rb8 20. Bxc6 Qg5 21. a4 h4 22. Kg2 e5 23. a5 Qg4 24. Bf3 Qh3+ 25. Kf2 Qxh2+ 26. Ke1 Qxg3+ 27. Ke2 Bg4 28. Rf1 Qg2+ 29. Rf2 Bxf3+ 30. Kd3 Qxf2 0-1


[Site "https://www.chess.com"]

[Event "Titled Tuesday Blitz August 22 Late 2023"]
[White "Deviprasath, Sharvesh"]
[Black "Oliveira, Tiago Batista"]
[WhiteFideId "30938228"]
[BlackFideId "2108291"]
[WhiteElo "2484"]
[BlackElo "2136"]
[Result "1-0"]
[Round "6"]
[TimeControl "180+1"]
[Date "2023.08.22"]
[WhiteClock "0:01:33"]
[BlackClock "0:00:00"]
[Board "176"]

1. e4 e5 2. Nf3 Nc6 3. Bc4 Bc5 4. O-O Nf6 5. d4 exd4 6. e5 d5 7. exf6 dxc4 8. fxg7 Rg8 9. Bg5 Be7 10. Re1 Be6 11. Bxe7 Qxe7 12. Nxd4 Nxd4 13. Qxd4 Qd6 14. Qxd6 cxd6 15. Nc3 O-O-O 16. Nb5 Rxg7 17. Nxa7+ Kb8 18. Nb5 h5 19. Rad1 d5 20. Nd4 Rdg8 21. g3 Rg6 22. f4 Bg4 23. Rd2 h4 24. Kg2 hxg3 25. hxg3 Rh6 26. Re5 Bh3+ 27. Kf2 Rhg6 28. Ne2 Bg4 29. Rexd5 Bxe2 30. Rd8+ Kc7 31. Rxg8 Rxg8 32. Rxe2 f5 33. Re5 Rf8 34. Rc5+ Kd6 35. Rxc4 Kd5 36. Rc3 Ra8 37. a3 Rh8 38. Rb3 Rh7 39. Ke3 Rh3 40. Kf3 Rh2 41. Rb5+ Ke6 42. Rxb7 1-0


[Site "https://www.chess.com"]

[Event "Titled Tuesday Blitz August 22 Late 2023"]
[White "Manukian, Artak"]
[Black "Alfaro, William"]
[WhiteFideId "13301373"]
[BlackFideId "6100457"]
[WhiteElo "2394"]
[BlackElo "2249"]
[Result "0-1"]
[Round "6"]
[TimeControl "180+1"]
[Date "2023.08.22"]
[WhiteClock "0:01:16"]
[BlackClock "0:01:57"]
[Board "177"]

1. e4 e5 2. Nf3 Nc6 3. d4 exd4 4. Nxd4 Nf6 5. Nxc6 bxc6 6. e5 Qe7 7. Qe2 Nd5 8. c4 Nb6 9. b3 g6 10. g3 Bg7 11. Bb2 O-O 12. Bg2 Re8 13. f4 f6 14. O-O fxe5 15. fxe5 Bxe5 16. Bxe5 Qxe5 17. Qxe5 Rxe5 18. Nc3 Bb7 19. a4 a5 20. Rfe1 Rae8 21. Kf2 d5 22. c5 Nd7 23. Rxe5 Nxe5 24. h4 Nd3+ 25. Kg1 Nxc5 26. Rb1 Re3 27. Nd1 Rxb3 0-1


[Site "https://www.chess.com"]

[Event "Titled Tuesday Blitz August 22 Late 2023"]
[White "Bazzano, Sebastian"]
[Black "rikchessmx"]
[WhiteFideId "104566"]
[WhiteElo "2220"]
[BlackElo "2392"]
[Result "1-0"]
[Round "6"]
[TimeControl "180+1"]
[Date "2023.08.22"]
[WhiteClock "0:00:39"]
[BlackClock "0:00:03"]
[Board "178"]

1. d4 Nf6 2. Bf4 e6 3. e3 Bd6 4. Bg3 Bxg3 5. hxg3 b6 6. Nf3 Bb7 7. Bd3 h6 8. Nbd2 d6 9. O-O Nbd7 10. e4 O-O 11. Re1 Qe7 12. e5 Ne8 13. Be4 d5 14. Bd3 c5 15. c3 Nc7 16. Rc1 Rfd8 17. Qe2 Nf8 18. Bb1 a5 19. Nf1 Ba6 20. Bd3 Bxd3 21. Qxd3 c4 22. Qe3 b5 23. g4 b4 24. Ng3 a4 25. cxb4 a3 26. bxa3 Nb5 27. g5 hxg5 28. Nxg5 Rxa3 29. Qf4 Ng6 30. Qg4 Rxa2 31. Qh5 Nxd4 32. Ra1 Rxa1 33. Rxa1 c3 34. Qh7+ Kf8 35. Nf3 Nxf3+ 36. gxf3 c2 37. Nh5 Qxb4 38. Qxg7+ Ke8 39. Nf6+ Ke7 40. Ra7+ Rd7 41. Rxd7# 1-0


[Site "https://www.chess.com"]

[Event "Titled Tuesday Blitz August 22 Late 2023"]
[White "disciplinedbrat"]
[Black "Kiseljova, Marya"]
[BlackFideId "4155009"]
[WhiteElo "2324"]
[BlackElo "2192"]
[Result "1/2-1/2"]
[Round "6"]
[TimeControl "180+1"]
[Date "2023.08.22"]
[WhiteClock "0:02:03"]
[BlackClock "0:02:20"]
[Board "179"]

1. Nf3 d5 2. e3 Bg4 3. c4 e6 4. Qb3 Bxf3 5. gxf3 Nc6 6. Qxb7 Nb4 7. Na3 Rb8 8. Qxa7 Ra8 9. Qb7 Rb8 10. Qa7 Ra8 11. Qb7 Rb8 12. Qa7 1/2-1/2


[Site "https://www.chess.com"]

[Event "Titled Tuesday Blitz August 22 Late 2023"]
[White "Arias Igual, Alejandro"]
[Black "Matute Escobar, Roxanny"]
[WhiteFideId "2254905"]
[BlackFideId "3926028"]
[WhiteElo "2261"]
[BlackElo "2191"]
[Result "1-0"]
[Round "6"]
[TimeControl "180+1"]
[Date "2023.08.22"]
[WhiteClock "0:00:05"]
[BlackClock "0:00:04"]
[Board "180"]

1. e4 c5 2. Nf3 d6 3. Bb5+ Nd7 4. a4 g6 5. Nc3 Bg7 6. O-O Nf6 7. a5 O-O 8. Re1 a6 9. Bf1 b6 10. axb6 Nxb6 11. d3 Bd7 12. h3 Bc6 13. e5 Nfd5 14. Bd2 Qc7 15. exd6 exd6 16. Rb1 Rfe8 17. Ne4 f5 18. Nc3 Rxe1 19. Bxe1 Nf4 20. Bd2 d5 21. g3 Ne6 22. Bg2 Re8 23. Ra1 Bb7 24. Ra2 d4 25. Ne2 Nd5 26. b3 f4 27. g4 Qe7 28. Kh2 Ng5 29. Nxf4 Nxf3+ 30. Bxf3 Be5 31. Bxd5+ Bxd5 32. Qc1 Bb7 33. Kg1 Qh4 34. Qf1 Rf8 35. Ne2 Qf6 36. f4 Bc7 37. Ra1 Qc6 38. Kh2 Re8 39. Ng3 Qd5 40. Qf2 Rf8 41. Re1 g5 42. f5 Qd6 43. Bxg5 Bd5 44. Bh6 Rb8 45. Bg5 h6 46. Bh4 Qc6 47. Kg1 Bf3 48. Re7 Bd8 49. Re6 Qb5 50. Qxf3 Qa5 51. Rg6+ Kh7 52. Bxd8 Qe1+ 53. Qf1 Qe3+ 54. Qf2 Rxd8 55. Qxe3 dxe3 56. Re6 a5 57. Rxe3 Kg7 58. Ne4 c4 59. Kf2 cxb3 60. cxb3 h5 61. g5 1-0


[Site "https://www.chess.com"]